 Dungeon Crawl Stone Soup version 0.31-a0-986-g5e6e4ef867 (webtiles) character file.

Game seed: 12681386640327479815

840 lunkers the Martial Artist (level 8, -2/59 HPs)
             Began as a Meteoran Shapeshifter on Nov 8, 2023.
             Was a Priest of Uskayaw.
             Slain by a gnoll
             ... wielding a +0 spear
              (5 damage)
             ... on level 4 of the Dungeon.
             The game lasted 00:05:40 (1636 turns).

lunkers the Martial Artist (Meteoran Shapeshifter)  Turns: 1636, Time: 00:05:41

Health: -2/59      AC:  5    Str: 16    XL:     8   Next: 43%
Magic:  4/9        EV: 11    Int: 11    God:    Uskayaw [***...]
Gold:   115        SH:  0    Dex: 16    Spells: 7/7 levels left

rFire   . .          .
                       - Unarmed
rCold   . . .        (no shield)
rNeg    . . .        k - +0 ring mail
rPois   .            (helmet currently unavailable)
rElec   .            (cloak currently unavailable)
rCorr   .            (gloves currently unavailable)
SInv    .            (boots currently unavailable)
Will    +....        (no amulet)
Stlth   +            (no ring)
HPRegen 0.29/turn    (no ring)
MPRegen 0.11/turn

%: no passive effects
@: beast-form, glowing
A: beast (slay +3), sense surroundings 1, otherworldly, glowing, explore regen
a: Begin Untransformation, Renounce Religion, Stomp, Line Pass


You were on level 4 of the Dungeon.
You worshipped Uskayaw.
Uskayaw was noncommittal.
You were a hulking beast.
You visited 1 branch of the dungeon, and saw 4 of its levels.

You collected 115 gold pieces.

Inventory:

Armour
 a - a +0 animal skin
 e - a +0 pair of gloves
 i - a +0 pair of boots
 k - a +0 ring mail (worn)
Talismans
 c - a beast talisman
 d - a flux talisman
Scrolls
 b - a scroll of enchant weapon {unknown}
 g - a scroll of amnesia {unknown}
 h - 3 scrolls of teleportation {unknown}
 j - a scroll of fear {unknown}
 m - 2 scrolls of immolation {unknown}
 n - a scroll of poison {unknown}
Potions
 f - a potion of brilliance {unknown}
 l - 2 potions of mutation {unknown}
 o - a potion of berserk rage {unknown}
 p - a potion of heal wounds {unknown}


   Skills:
 - Level 1.1 Fighting
 - Level 2.1 Dodging
 * Level 9.2 Unarmed Combat
 + Level 6.6 Shapeshifting


You had 7 spell levels left.
You didn't know any spells.
Your spell library contained the following spells:

 Spells                   Type           Power      Damage    Failure   Level
 Blink                    Tloc           0%         N/A       71%         2
 Cigotuvi's Dreadful Rot  Necr/Pois/Air  0%         N/A       71%         2
 Lesser Beckoning         Tloc           0%         N/A       71%         2
 Momentum Strike          Conj/Tloc      0%         3d8       71%         2
 Dispel Undead            Necr           0%         3d6       100%        4
 Death Channel            Necr           0%         N/A       100%        6


Dungeon Overview and Level Annotations

Branches:
Dungeon (4/15) Zot: 781
 Temple: D:4-7

Altars:
Cheibriados
Sif Muna
Trog
Uskayaw
Vehumet


Innate Abilities, Weirdness & Mutations

You are a hulking beast.
Your limbs bulge with bestial killing power. (Slay +3)
You passively map a small area around you.
You are easily found by Zot.
You glow in the dark.
You regain HP and MP as you explore.


Message History

You have reached level 8!
Unknown command.
You hit the gnoll.
The gnoll is heavily wounded.
The hobgoblin hits you but does no damage.
The gnoll closely misses you.
Unknown command.
You hit the gnoll.
The gnoll is severely wounded.
The gnoll hits you from afar with a +0 spear.
* * * LOW HITPOINT WARNING * * *
The gnoll hits you with a +0 club.
* * * LOW HITPOINT WARNING * * *
The hobgoblin hits you.
* * * LOW HITPOINT WARNING * * *
Unknown command.
You hit the gnoll. Your punch misses the gnoll.
The gnoll is severely wounded.
The gnoll barely misses you. The hobgoblin barely misses you.
The gnoll hits you with a +0 club.
* * * LOW HITPOINT WARNING * * *
You closely miss the gnoll.
The gnoll is severely wounded.
Unknown command.
You punch the gnoll!
You kill the gnoll!
The hobgoblin hits you.
* * * LOW HITPOINT WARNING * * *
The gnoll hits you from afar with a +0 spear.
* * * LOW HITPOINT WARNING * * *
Uskayaw will force your foes to helplessly watch your dance.
Uskayaw prepares the audience for your solo!
The helpless hobgoblin fails to defend itself.
You punch the hobgoblin!
You kill the hobgoblin!
The gnoll is no longer paralysed. x3; The gnoll attacks as it pursues you!
The gnoll hits you from afar with a +0 spear.
* * * LOW HITPOINT WARNING * * *
The gnoll hits you with a +0 spear.
You die...

+ * * #########..######
..##.#..#.####........
..................#... ,
.................#... ..
................#... ...
#...##...##'#######
,....##...#######....##..
....gg.........#........
, ** #gh.......#........
, #.........#........ , ,
###'##....#........ ,
*...##...##....###' *
,......#...########.. ,
.......'....'.....)..
......##...##........ ,
.############........ ..
, , #.........


You could see 3 gnolls.

Vanquished Creatures
  Pikel (D:4)
  An orc warrior (D:4)
  A centaur (D:4)
  A scorpion (D:4)
  An orc priest (D:4)
  2 orc wizards (D:4)
  A hound skeleton (D:3)
  A gnoll (D:4)
  5 adders
  2 worms
  6 orcs (D:4)
  8 bats
  6 endoplasms
  7 hobgoblins
  2 quokkas (D:1)
  3 ball pythons
  4 goblins
  4 kobolds
  5 rats
61 creatures vanquished.

Notes
Turn   | Place    | Note
-------+----------+-------------------------------------------
     0 | D:1      | lunkers the Meteoran Shapeshifter began the quest for the
                  | Orb.
     0 | D:1      | Reached XP level 1. HP: 16/16 MP: 2/2
   118 | D:1      | Reached skill level 4 in Unarmed Combat
   118 | D:1      | Reached XP level 2. HP: 12/23 MP: 3/3
   280 | D:1      | Reached XP level 3. HP: 13/28 MP: 4/4
   542 | D:2      | Reached XP level 4. HP: 30/35 MP: 5/5
   688 | D:2      | Reached skill level 5 in Unarmed Combat
   759 | D:2      | Found a snail-covered altar of Cheibriados.
   798 | D:3      | Found a radiant altar of Vehumet.
   995 | D:3      | Found a shimmering blue altar of Sif Muna.
  1139 | D:3      | Reached XP level 5. HP: 34/40 MP: 6/6
  1310 | D:3      | Found a hide-covered altar of Uskayaw.
  1310 | D:3      | Found a bloodstained altar of Trog.
  1318 | D:3      | Became a worshipper of Uskayaw the Reveller
  1354 | D:4      | Noticed an orc warrior
  1356 | D:4      | Reached * piety under Uskayaw
  1360 | D:4      | Reached ** piety under Uskayaw
  1365 | D:4      | Killed an orc warrior
  1366 | D:4      | Reached skill level 6 in Unarmed Combat
  1366 | D:4      | Reached skill level 5 in Shapeshifting
  1366 | D:4      | Reached XP level 6. HP: 30/47 MP: 0/7
  1372 | D:4      | Reached *** piety under Uskayaw
  1377 | D:4      | Reached **** piety under Uskayaw
  1389 | D:4      | Reached skill level 7 in Unarmed Combat
  1425 | D:4      | Noticed a centaur
  1434 | D:4      | Killed a centaur
  1435 | D:4      | Reached XP level 7. HP: 18/52 MP: 4/8
  1616 | D:4      | Noticed Pikel
  1628 | D:4      | Killed Pikel
  1629 | D:4      | Reached skill level 9 in Unarmed Combat
  1629 | D:4      | Reached XP level 8. HP: 18/59 MP: 2/9
  1635 | D:4      | HP: 2/59 [gnoll/+0 spear (3)]
  1636 | D:4      | Slain by a gnoll

Illustrated notes

Levels and vault maps discovered:
D:1:      dpeg_arrival_erosion, layout_loops_ring, columned_hall_lemuel,
          minmay_misc_feat_diagonals
D:2:      layout_loops_ring, basic_altar
D:3:      layout_basic, nicolae_vehumet_altar_sigil,
          nicolae_overflow_hidden_temple, gammafunk_temple_overflow_pools,
          serial_undead, serial_undead_e, serial_undead_c, serial_undead_e,
          serial_undead_f, grunt_decor_clamped
D:4:      dreamdust_elfheim, layout_gridville, uniq_pikel

Skill      XL: |  1  2  3  4  5  6  7 |
---------------+----------------------+-----
Unarmed Combat | 4 5 6 7 9 |  9.2
Shapeshifting  | 4 5 6 |  6.6
Fighting       | |  1.1
Dodging        | |  2.1

Action                     |  1- 3 |  4- 6 |  7- 9 || total
---------------------------+-------+-------+-------++-------
  Melee: Unarmed           |    51 |   113 |    19 ||   183
         Punch             |     1 |     4 |       ||     5
 Invoke: Stomp             |       |     3 |     4 ||     7
    Use: Potion            |       |     1 |       ||     1
   Stab: Paralysed         |       |     1 |     1 ||     2
 Armour: Animal skin       |    33 |       |       ||    33
         Ring mail         |     2 |    62 |    34 ||    98
         Skin              |       |    54 |       ||    54
  Dodge: Dodged            |    33 |    61 |    16 ||   110

Table legend: (Time is in decaauts)
 A = Elapsed time spent in this place.
 B = Non-inter-level travel time spent in this place.
 C = Inter-level travel time spent in this place.
 D = Time resting spent in this place.
 E = Time spent auto-exploring this place.
 F = Levels seen in this place.
 G = Mean time per level.
                   A        B        C        D        E       F      G
               +--------+--------+--------+--------+--------+-----+--------+
         Total |   1617 |   1508 |    109 |      0 |   1002 |   4 |  404.2 |
       Dungeon |   1617 |   1508 |    109 |      0 |   1002 |   4 |  404.2 |
               +--------+--------+--------+--------+--------+-----+--------+

Top non-repeatable levels by time:
     D:3: 630 daAuts
     D:1: 412 daAuts
     D:2: 362 daAuts
     D:4: 211 daAuts
